 Dungeon Crawl Stone Soup version 0.21.1-1-g345015f (webtiles) character file.

165 zhorgal the Sneak (level 5, -1/25 HPs)
             Began as a Spriggan Enchanter on Feb 16, 2018.
             Killed from afar by an orc wizard (6 damage)
             ... with a magic dart
             ... on level 3 of the Dungeon.
             The game lasted 00:18:34 (4005 turns).

zhorgal the Sneak (Spriggan Enchanter)              Turns: 4005, Time: 00:18:35

Health: -1/25      AC:  2    Str:  4    XL:     5   Next: 21%
Magic:  10/10      EV: 19    Int: 17    God:
Gold:   117        SH:  0    Dex: 17    Spells: 3/9 levels left

rFire    . . .     SeeInvis +   s - +2 dagger (venom)
rCold    . . .     Gourm    .   (shield restricted)
rNeg     . . .     Faith    .   b - +0 robe
rPois    .         Spirit   .   (helmet restricted)
rElec    .         Reflect  .   (no cloak)
rCorr    .         Harm     .   (gloves unavailable)
MR       .....                  (boots unavailable)
Stlth    +++.......             (no amulet)
HPRegen  0.08/turn              (no ring)
MPRegen  0.12/turn              (no ring)

@: very quick
A: very small, unfitting armour, see invisible, herbivore, speed 3, slow
metabolism 2
a: no special abilities


You were on level 3 of the Dungeon.
You were near starving.

You visited 1 branch of the dungeon, and saw 3 of its levels.

You collected 117 gold pieces.

Inventory:

Hand Weapons
 a - a +1 dagger
 e - a +0 dagger of flaming
 p - a +0 short sword
 s - a +2 dagger of venom (weapon)
 u - a +0 hunting sling
Missiles
 k - 32 poisoned needles
 l - 119 stones (quivered)
 m - 50 arrows
 q - 39 bolts
Armour
 b - a +0 robe (worn)
Scrolls
 f - a scroll of identify {unknown}
 i - 2 scrolls of teleportation {unknown}
 n - 2 scrolls of remove curse {unknown}
 o - a scroll of random uselessness {unknown}
Potions
 g - a potion of berserk rage {unknown}
 h - a potion of heal wounds {unknown}
 j - a potion of brilliance {unknown}
 r - 3 potions of haste {unknown}
 t - 2 potions of might {unknown}
Books
 c - a book of Maledictions

   Spells                             Type                      Level
   a - Corona                         Hexes                        1
   b - Ensorcelled Hibernation        Hexes/Ice                    2
   c - Confuse                        Hexes                        3
   d - Tukima's Dance                 Hexes                        3
   e - Dazzling Spray                 Conjuration/Hexes            3
Comestibles
 d - 3 rations


   Skills:
 + Level 1.5 Fighting
 + Level 3.7 Short Blades
 + Level 3.8 Dodging
 + Level 5.5 Stealth
 - Level 2.7 Spellcasting
 - Level 4.0 Hexes


You had 3 spell levels left.
You knew the following spells:

 Your Spells              Type           Power        Failure   Level  Hunger
a - Corona                Hex            ###....      3%          1    #......
b - Ensorcelled Hibernat  Hex/Ice        #.....       12%         2    ##.....
c - Tukima's Dance        Hex            ###.....     10%         3    ###....


Dungeon Overview and Level Annotations

Branches:
Dungeon (3/15)

Altars:
Ru

Annotations:
D:3 Autsider's ghost, amateur HOFi


Innate Abilities, Weirdness & Mutations

You are very small and have problems with some larger weapons.
You are too small for most types of armour.
You have supernaturally acute eyesight. (SInv)
You are a herbivore.
You cover ground extremely quickly.
You need consume almost no food.


Message History

The orc priest hits you but does no damage.
The orc wizard hits you with a dagger.
You take 2 damage, and have 14/22 hp.
You completely miss the orc priest.
The orc priest invokes the aid of Beogh against you.
Pain shoots through your body!
* * * LOW HITPOINT WARNING * * *
The orc wizard looks braver for a moment.
You take 10 damage, and have 4/22 hp.
MASSIVE DAMAGE!!
You hit the orc priest.
The orc priest looks as sick as possible!
The orc priest barely misses you.
You hit the orc priest.
The orc priest looks as sick as possible!
You kill the orc priest!
You have reached level 5!
You feel agile. The orc wizard casts a spell at you. The magic dart hits you!
You die...

#....#....# #.......>#
.....#.†#.....#
#.##o###.#
..##..##..##..# #.#
..##.# #..##..##..# #.#
#.##.# ...#..#.....#
#.###.##.# ...#....#....#
#........#
#..#..##..#...#
#####.####
#.#...##...#..# ### #†#
..........#@###.###.# #.
.......)o##...##.#######
...$....+........†.......
.........###...##.#######
.......# ##.###.# ....#.
####..# ...#. #.## #+##.
#.# # #.#


You could see an orc wizard.

Vanquished Creatures
  An orc priest (D:3)
  Terence (D:2)
  Robin (D:1)
  An adder (D:2)
  An ooze (D:1)
  3 worms
  2 dart slugs
  An orc (D:3)
  A ball python (D:3)
  8 giant cockroaches
  13 goblins
  7 hobgoblins
  4 jackals (D:1)
  A quokka (D:2)
  13 bats
  7 frilled lizards
  3 kobolds
  7 rats
75 creatures vanquished.

Notes
Turn   | Place    | Note
-------+----------+-------------------------------------------
     0 | D:1      | zhorgal the Spriggan Enchanter began the quest for the Orb.
     0 | D:1      | Reached XP level 1. HP: 9/9 MP: 5/5
    62 | D:1      | Reached XP level 2. HP: 9/13 MP: 1/6
   685 | D:1      | Reached XP level 3. HP: 16/16 MP: 8/8
  1328 | D:2      | Noticed Terence
  1333 | D:2      | Learned a level 2 spell: Ensorcelled Hibernation
  1337 | D:2      | Learned a level 3 spell: Tukima's Dance
  1355 | D:2      | Killed Terence
  2004 | D:2      | Reached skill level 5 in Stealth
  2004 | D:2      | Reached XP level 4. HP: 17/21 MP: 7/9
  2063 | D:2      | Found a sacrificial altar of Ru.
  2107 | D:2      | Reached skill level 1 in Fighting
  2775 | D:2      | Noticed Robin
  2978 | D:1      | Killed Robin
  3423 | D:3      | Noticed Autsider's ghost (amateur HOFi)
  4005 | D:3      | Reached XP level 5. HP: 5/25 MP: 10/10
  4005 | D:3      | Killed from afar by an orc wizard

Skill      XL: |  1  2  3  4 |
---------------+-------------+-----
Short Blades   | 2 3 |  3.7
Stealth        | 5 |  5.5
Hexes          | 4 |  4.0
Fighting       | 1 |  1.5
Dodging        | |  3.8
Spellcasting   | |  2.7

Action                   |  1- 3 |  4- 6 || total
-------------------------+-------+-------++-------
Melee: Dagger            |   168 |   147 ||   315
 Cast: Corona            |    11 |    21 ||    32
       Tukima's Dance    |     1 |       ||     1
       Ensorcelled Hiber |       |     4 ||     4
 Stab: Sleeping          |     8 |     3 ||    11
       Distracted        |     1 |     1 ||     2
Armor: Robe              |    10 |    10 ||    20
Dodge: Dodged            |   134 |   112 ||   246
